 Dungeon Crawl Stone Soup version 0.17-a0-989-gada8a91 (webtiles) character file.

2619 Quirrel the Cleaver (level 9, -13/75 (77) HPs)
             Began as a Formicid Fighter on May 12, 2015.
             Was an Initiate of Ru.
             Mangled by an orc warrior
             ... wielding a +0 halberd
              (15 damage)
             ... in a bailey.
             The game lasted 00:19:06 (7862 turns).

Quirrel the Cleaver (Formicid Fighter)              Turns: 7862, Time: 00:19:06

HP:   -13/75 (77)   AC:  9    Str: 28    XL:     9   Next: 91%
MP:   9/9           EV:  8    Int:  9    God:    Ru [......]
Gold: 496           SH: 10    Dex: 10    Spells: 0 memorised, 8 levels left

rFire  . . .     SeeInvis +     a - +1 war axe
rCold  . . .     Clarity  .     b - +0 scale mail
rNeg   . . .     SustAb   .     c - +0 shield
rPois  .         Gourm    .     (helmet unavailable)
rElec  .         Spirit   .     (no cloak)
rCorr  .         Warding  .     n - +1 pair of gloves {archery}
rMut   +         Stasis   +     (no boots)
MR     .....                    f - amulet of resist mutation
Stlth  ..........               (no ring)
                                (no ring)

@: mighty, not resistant to hostile enchantments, extremely unstealthy
A: permanent stasis, dig shafts and tunnels, four strong arms, antennae 3, no
stealth
a: Dig, Shaft Self, Renounce Religion


You were in a bailey.
You worshipped Ru.
Ru was noncommittal.
You were not hungry.

You visited 2 branches of the dungeon, and saw 8 of its levels.
You also visited: Bailey.

You collected 496 gold pieces.

Inventory:

Hand weapons
 a - a +1 war axe (weapon)
Missiles
 m - 3 throwing nets (quivered)
Armour
 b - a +0 scale mail (worn)
 c - a +0 shield (worn)
 n - a +1 pair of gloves of archery (worn)
 s - the +2 cloak of the Thief {+Fog Slay-2 SInv Stlth+}
   (You found it on level 5 of the Dungeon)

   It affects your accuracy and damage with ranged weapons and melee attacks
   (-2).
   It enhances your eyesight.
   It can be evoked to emit clouds of fog.
   It makes you more stealthy.
Jewellery
 f - an amulet of resist mutation (around neck)
Magical devices
 r - a wand of fire (10)
Scrolls
 k - 6 scrolls of remove curse
 q - 2 scrolls of fear
 t - a scroll of magic mapping {unknown}
Potions
 g - a potion of cancellation
 i - a potion of flight
 j - a potion of heal wounds
 l - a potion of haste {unknown}
 o - a potion of ambrosia {unknown}
 p - 5 potions of curing
Comestibles
 e - 5 bread rations
 h - 2 chunks of flesh


   Skills:
 + Level 9.5 Fighting
 - Level 10.0 Axes
 - Level 3.2 Armour
 - Level 3.6 Shields


You had 8 spell levels left.
You didn't know any spells.

Dungeon Overview and Level Annotations

Branches:
Dungeon (7/15)             Temple (1/1) D:4

Altars:
Ashenzari
Cheibriados
Elyvilon
Fedhas
Gozag
Kikubaaqudgha
Makhleb
Nemelex Xobeh
Okawaru
Qazlal
Ru
Sif Muna
Trog
Vehumet
Xom
Yredelemnul
Zin
The Shining One


Innate Abilities, Weirdness & Mutations

You are under a permanent stasis effect.
You can dig through walls and to a lower floor.
Your four strong arms can wield two-handed weapons with a shield.
You have a pair of large antennae on your head (SInv).
You cannot be stealthy.


Message History

You kill the orc!
The orc barely misses you.
The orc warrior hits you from afar with a halberd.
The orc barely misses you. The orc hits you with a trident.
The orc warrior drinks a potion.
The orc warrior goes berserk!
You hit the orc but do no damage.
Your scale mail prevents you from hitting the orc warrior.
The orc warrior closely misses you. You block the orc's attack.
You slash the orc warrior!
The orc warrior is moderately wounded.
You block the orc warrior's attack. You block the orc's attack.
The orc warrior hits you with a halberd!!
* * * LOW HITPOINT WARNING * * *
You closely miss the orc warrior.
The orc warrior is moderately wounded.
The orc hits you from afar with a trident.
* * * LOW HITPOINT WARNING * * *
The orc warrior hits you with a halberd!
You die...

... ##'##
#...#
#...#
#...#
#oo)#
###o###
##..o..##
#...@...#
#.......#
#...)...#
#...)...#
#..)))).#
#..)))..#
#....)..#
#.......#
#∩.....∩#


You could see an orc warrior (berserk) and 3 orcs.

Vanquished Creatures
  Pikel (D:6)
  Grinder (D:3)
  Edmund (D:4)
  A sky beast (D:6)
  A necrophage (D:6)
  2 phantoms
  4 ogres
  2 giant frogs (D:6)
  3 centaurs
  A scorpion (D:5)
  A vampire bat (D:5)
  A crimson imp (D:5)
  3 hounds
  Ijyb (D:3)
  A giant frog skeleton (D:4)
  2 orc priests
  Natasha (thrice) (D:4)
  2 orc wizards
  4 worker ants
  A killer bee zombie (D:6)
  A hound skeleton (D:4)
  2 gnolls
  7 adders
  3 oozes
  An adder zombie (D:7)
  5 worms
  26 orcs
  19 bats
  A bat zombie (D:5)
  6 giant cockroaches
  9 goblins
  13 hobgoblins
  6 jackals
  10 kobolds
  A quokka (D:3)
  3 ball pythons (D:2)
  A giant cockroach zombie (D:6)
  3 giant geckos
  9 giant newts
  14 rats
176 creatures vanquished.

Vanquished Creatures (others)
  A goblin (D:6)
1 creature vanquished.

Grand Total: 177 creatures vanquished

Notes
Turn   | Place    | Note
--------------------------------------------------------------
     0 | D:1      | Quirrel the Formicid Fighter began the quest for the Orb.
     0 | D:1      | Reached XP level 1. HP: 18/18 MP: 1/1
   158 | D:1      | Reached XP level 2. HP: 24/24 MP: 2/2
   587 | D:1      | Reached XP level 3. HP: 2/29 MP: 3/3
  1310 | D:2      | Found a shattered altar of Ashenzari.
  1401 | D:2      | Reached XP level 4. HP: 19/35 MP: 4/4
  1634 | D:2      | Reached skill level 4 in Axes
  2510 | D:3      | Reached XP level 5. HP: 41/41 MP: 5/5
  2765 | D:3      | Found a radiant altar of Vehumet.
  2775 | D:3      | Noticed Grinder
  2790 | D:3      | Killed Grinder
  2790 | D:3      | Reached skill level 6 in Axes
  2790 | D:3      | Reached XP level 6. HP: 9/47 MP: 6/6
  3455 | D:3      | Found a snail-covered altar of Cheibriados.
  3470 | D:3      | Reached XP level 7. HP: 48/52 MP: 7/7
  3525 | D:3      | Noticed Ijyb
  3535 | D:3      | Killed Ijyb
  3535 | D:3      | Reached skill level 7 in Axes
  3960 | D:4      | Noticed Natasha
  3966 | D:4      | Killed Natasha
  4222 | D:4      | Noticed Natasha
  4234 | D:4      | Killed Natasha
  4278 | D:4      | Noticed Natasha
  4282 | D:4      | Killed Natasha
  4301 | D:4      | Found a staircase to the Ecumenical Temple.
  4317 | Temple   | Entered the Ecumenical Temple
  4341 | Temple   | Became a worshipper of Ru the Awakened
  4437 | D:4      | Noticed Edmund
  4453 | D:4      | Killed Edmund
  4453 | D:4      | Reached skill level 8 in Axes
  4840 | D:4      | Reached XP level 8. HP: 52/58 MP: 8/8
  5117 | D:4      | Reached skill level 9 in Axes
  5305 | D:5      | Entered Level 5 of the Dungeon
  5396 | D:5      | Found a sacrificial altar of Ru.
  5876 | D:5      | Gained mutation: You cannot be stealthy. [Ru sacrifice]
  5990 | D:5      | Reached skill level 10 in Axes
  6683 | D:6      | Reached skill level 5 in Fighting
  6683 | D:6      | Reached XP level 9. HP: 59/68 MP: 9/9
  6698 | D:6      | Found a deep blue altar of Sif Muna.
  6896 | D:6      | Found a burning altar of Makhleb.
  6896 | D:6      | Noticed a green death
  6900 | D:6      | Noticed an orange demon
  7045 | D:6      | Noticed Pikel
  7065 | D:6      | Killed Pikel
  7509 | D:7      | Found a flagged portal.
  7548 | Bailey   | Entered a bailey
  7861 | Bailey   | HP: 3/75 [orc warrior/halberd (21)]
  7862 | Bailey   | Mangled by an orc warrior

Vault maps used:
D:1:      shiori_arrival_elements
D:2:      nicolae_ashenzari_panopticon, first_bread, minmay_shallow_snake_nest
D:3:      cheibriados_altar_wand_db, vehumet_crystals, uniq_iyjb, uniq_grinder
D:4:      temple_statues, minmay_misc_feat_room, uniq_edmund, uniq_natasha
D:5:      minivault_1, roderic_batcave, nicolae_ru_great_annihilating_truth
D:6:      lemuel_round_altar, makhleb_altar_promises_db, uniq_pikel
D:7:      enter_bailey_2, the_bakery
Temple:   circular_temple_13
Bailey:   bailey_polearm_5, bailey

Action                   |  1- 3 |  4- 6 |  7- 9 || total
-------------------------+-------+-------+-------++-------
Melee: War axe           |    99 |   166 |   386 ||   651
Invok: Sacrifice Stealth |       |       |     1 ||     1
 Abil: Dig               |     2 |       |     4 ||     6
  Use: Scroll            |       |     6 |     7 ||    13
       Potion            |       |     1 |     3 ||     4
 Stab: Paralysed         |       |       |     1 ||     1
  Eat: Chunk             |     1 |     6 |     7 ||    14
       Pizza             |       |     1 |       ||     1
       Beef jerky        |       |     1 |       ||     1
       Meat ration       |       |       |     1 ||     1
       Fruit             |       |       |     3 ||     3
